 Dungeon Crawl Stone Soup version 0.27-a0-385-g3208abaabc (webtiles) character file.

Game seed: 8856616713495591986

2 kae the Insei (level 1, -1/15 HPs)
             Began as a Demonspawn Transmuter on Feb 19, 2021.
             Slain by a goblin (3 damage)
             ... on level 1 of the Dungeon.
             The game lasted 00:00:07 (190 turns).

kae the Insei (Demonspawn Transmuter)                Turns: 190, Time: 00:00:08

Health: -1/15      AC:  2    Str: 10    XL:     1   Next: 33%
Magic:  3/3        EV: 12    Int: 14    God:
Gold:   8          SH:  0    Dex: 13    Spells: 3/4 levels left

rFire    . . .     SeeInvis .     - Unarmed
rCold    . . .     Faith    .   (no shield)
rNeg     . . .     Spirit   .   a - +0 robe
rPois    .         Reflect  .   (no helmet)
rElec    .         Harm     .   (no cloak)
rCorr    .         Rampage  .   (no gloves)
Will     .....                  (no boots)
Stlth    +.........             (no amulet)
HPRegen  0.05/turn              (no ring)
MPRegen  0.08/turn              (no ring)

@: no status effects
A: no striking features
a: no special abilities


You were on level 1 of the Dungeon.
You visited 1 branch of the dungeon, and saw 1 of its levels.

You collected 8 gold pieces.

Inventory:

Armour
 a - a +0 robe (worn)
Scrolls
 b - a scroll of identify {unknown}


   Skills:
 + Level 1.0 Fighting
 + Level 1.8 Dodging
 * Level 2.7 Unarmed Combat
 + Level 2.0 Spellcasting
 * Level 1.8 Transmutations


You had 3 spell levels left.
You knew the following spells:

 Your Spells              Type           Power        Failure   Level
a - Beastly Appendage     Tmut           12%          11%         1

Your spell library contained the following spells:

 Spells                   Type           Power        Failure   Level
 Wereblood                Tmut           6%           17%         2
 Spider Form              Tmut/Pois      2%           43%         3
 Ice Form                 Ice/Tmut       4%           85%         4
 Blade Hands              Tmut           3%           97%         5


Dungeon Overview and Level Annotations

Branches:
Dungeon (1/15)

Altars:


Message History

Confirm with . or Enter, or press ? or * to list all spells.
You grow a pair of large bovine horns.
Your feet morph into talons.
The leopard gecko closely misses you. The leopard gecko bites you.
Your transformation is almost over.
You closely miss the leopard gecko. You claw the leopard gecko.
Your headbutt misses the leopard gecko.
The leopard gecko is almost dead.
The leopard gecko barely misses you.
You closely miss the leopard gecko.
The leopard gecko is almost dead.
The leopard gecko closely misses you.
You closely miss the leopard gecko. Your headbutt misses the leopard gecko.
The leopard gecko is almost dead.
The leopard gecko bites you. x2
You are too injured to fight recklessly!
You are too injured to fight recklessly!
You closely miss the leopard gecko. Your kick misses the leopard gecko.
The leopard gecko is almost dead.
The leopard gecko bites you.
You are too injured to fight recklessly!
You are too injured to fight recklessly!
You barely miss the leopard gecko. Your headbutt misses the leopard gecko.
The leopard gecko is almost dead.
The leopard gecko barely misses you.
You are too injured to fight recklessly!
You are too injured to fight recklessly!
You hit the leopard gecko but do no damage.
Your headbutt misses the leopard gecko.
The leopard gecko is almost dead.
The leopard gecko bites you.
* * * LOW HITPOINT WARNING * * *
You hit the leopard gecko.
You kill the leopard gecko!
You aren't carrying any potions.
You barely miss the goblin. The goblin misses you.
You closely miss the goblin. Your kick misses the goblin.
Your horns disappear.
Your talons disappear.
The goblin hits you.
You die...

#####... ...
....... ........
#.### .......
.####### #...#
l...... .#)#.#.##
#...# .......
#.#.#.#.#
#...####.......
≈≈≈≈.#.##
#.##.....K.....
...≈#.#.###
#.##K####......
...≈.#.#..# #.##g#
..... .<.≈#.#...#
#.†#@# ....
≈≈≈≈.#.#..# ##.#.#
... #.#.#.#...#
#.#.# ##
.#.#.#.#..# #.#.#
#.........# ##.#.#
#.######.##.##.#.#
#...........##.#..
########.#####.###
#....#.# #.#


You could see a goblin and a kobold.

Vanquished Creatures
  A leopard gecko (D:1)
  A frilled lizard (D:1)
2 creatures vanquished.

Notes
Turn   | Place    | Note
-------+----------+-------------------------------------------
     0 | D:1      | kae the Demonspawn Transmuter began the quest for the Orb.
     0 | D:1      | Reached XP level 1. HP: 15/15 MP: 3/3
   190 | D:1      | Slain by a goblin

Illustrated notes

Levels and vault maps discovered:
D:1:      ncdulo_watergridlock, layout_basic, st_stairs_10, serial_bayou_pond_b,
          minmay_split_cup_small

Action                   || total
-------------------------++-------
Melee: Unarmed           ||    14
       Kick              ||     1
 Cast: Beastly Appendage ||     2
Dodge: Dodged            ||     7

Table legend: (Time is in decaauts)
 A = Elapsed time spent in this place.
 B = Non-inter-level travel time spent in this place.
 C = Inter-level travel time spent in this place.
 D = Time resting spent in this place.
 E = Time spent auto-exploring this place.
 F = Levels seen in this place.
 G = Mean time per level.
                   A        B        C        D        E       F      G
               +--------+--------+--------+--------+--------+-----+--------+
         Total |    190 |    190 |      0 |      0 |    162 |   1 |  190.0 |
       Dungeon |    190 |    190 |      0 |      0 |    162 |   1 |  190.0 |
               +--------+--------+--------+--------+--------+-----+--------+

Top non-repeatable levels by time:
     D:1: 190 daAuts
